 Dungeon Crawl Stone Soup version 0.29-a0-416-g83a48905f1 (webtiles) character file.

Game seed: 3473466846040259254

207 siradein the Skirmisher (level 5, -6/43 HPs)
             Began as a Demonspawn Chaos Knight on May 16, 2022.
             Was a Plaything of Xom.
             Mangled by a culicivora (shapeshifter) (9 damage)
             ... on level 4 of the Dungeon.
             The game lasted 00:05:16 (3142 turns).

siradein the Skirmisher (Demonspawn Chaos Knight)   Turns: 3142, Time: 00:05:16

Health: -6/43      AC: 12    Str: 14    XL:     5   Next: 54%
Magic:  5/5        EV:  9    Int: 23    God:    Xom [....*.]
Gold:   249        SH:  0    Dex: 12    Spells: 4/4 levels left

rFire   . . .      SeeInvis .   s - +7 mace of the Final Chapter {venom, Int+7}
rCold   . . .      Faith    +   (no shield)
rNeg    + . .      Spirit   .   u - +0 plate armour
rPois   .          Reflect  .   (no helmet)
rElec   .          Harm     .   (no cloak)
rCorr   .          Rampage  .   (no gloves)
Will    .....                   (no boots)
Stlth   ..........              f - amulet of faith
HPRegen 0.14/turn               r - ring of positive energy
MPRegen 0.09/turn               (no ring)

@: agile
A: icy blue scales 1, powered by pain 1, spiny 1, clever 1, mutation resistance
1
a: Renounce Religion


You were on level 4 of the Dungeon.
You worshipped Xom.
You were a beloved toy of Xom.
You visited 1 branch of the dungeon, and saw 4 of its levels.

You collected 288 gold pieces.
You spent 39 gold pieces at shops.

Inventory:

Hand Weapons
 s - the +7 mace of the Final Chapter (weapon) {venom, Int+7}
   (You found it on level 3 of the Dungeon)

   It poisons the flesh of those it strikes.
   Int:       It affects your intelligence (+7).
Armour
 u - a +0 plate armour (worn)
Jewellery
 b - an amulet of the acrobat
 f - an amulet of faith (around neck)
 r - a ring of positive energy (left hand)
Wands
 q - a wand of iceblast (10)
Scrolls
 a - a scroll of identify
 j - a scroll of enchant weapon
 k - a scroll of immolation
 l - a scroll of fog
 m - 2 scrolls of enchant armour
 o - a scroll of brand weapon
 t - 2 scrolls of teleportation
Potions
 d - 2 potions of heal wounds
 e - 2 potions of attraction
 g - 2 potions of cancellation
 h - 4 potions of curing {unknown}
 i - a potion of mutation {unknown}
 n - a potion of brilliance {unknown}
 p - a potion of degeneration {unknown}
Miscellaneous
 c - a piece from Xom's chessboard (15/15) (quivered)


   Skills:
 + Level 4.9 Fighting
 + Level 4.4 Maces & Flails
 - Level 1.7 Armour
 - Level 0.8 Dodging


You had 4 spell levels left.
You didn't know any spells.
Your spell library contained the following spells:

 Spells                   Type           Power      Damage    Failure   Level
 Blink                    Tloc           0%         N/A       100%        2
 Ensorcelled Hibernation  Hex/Ice        0%         N/A       100%        2
 Passwall                 Tmut/Erth      0%         N/A       100%        2
 Spider Form              Tmut/Pois      0%         N/A       100%        3
 Swiftness                Air            0%         N/A       100%        3
 Anguish                  Hex/Necr       0%         N/A       100%        4
 Manifold Assault         Tloc           0%         N/A       100%        5
 Storm Form               Tmut/Air       0%         N/A       100%        7


Dungeon Overview and Level Annotations

Branches:
Dungeon (4/15)             Temple (0/1) D:4

Altars:
Trog

Shops:
D:3 *


Innate Abilities, Weirdness & Mutations

You are partially covered in icy blue scales. (AC +2)
You sometimes gain a little power by taking damage.
You are partially covered in sharp spines.
Your mind is acute. (Int +2)
You are somewhat resistant to further mutation.


Message History

The orc priest calls down the wrath of Beogh upon you.
Beogh smites you!
The culicivora attacks as you move away!
The culicivora is struck by your spines.
The culicivora bites you.
* * * LOW HITPOINT WARNING * * *
The culicivora draws strength from your injuries!
An iguana comes into view.
The iguana hisses angrily.
The culicivora barely misses you.
You feel much better.
The culicivora is struck by your spines.
The culicivora bites you.
The culicivora draws strength from your injuries!
The orc is struck by your spines. The orc hits you but does no damage.
A kobold comes into view. It is wielding a +0 short sword.
You feel less confused.
The culicivora is struck by your spines.
The culicivora bites you but does no damage.
Your shadow imp misses the orc wizard.
The culicivora attacks as you move away!
The culicivora barely misses you.
A worm comes into view.
Your shadow imp hits the orc wizard.
The culicivora attacks as you move away!
The culicivora bites you!
The culicivora draws strength from your injuries!
The culicivora is struck by your spines.
The culicivora bites you but does no damage.
The orc priest mumbles some strange prayers to Beogh against you.
Beogh smites you!
* * * LOW HITPOINT WARNING * * *
A shower of butterflies erupts from you!
You focus on the pain.
You feel agile all of a sudden. The iguana is struck by your spines.
The iguana completely misses you.
The culicivora attacks as you move away!
The culicivora bites you!
You die...
Xom roars with laughter!

#.##.#..###.#
#.##......#.##
#.##..#......#
#.#...#....#.#
#....###.....#
#............######
...#.....#........#
.###..>J.###.b.....
.#5..w.#s@b......
#....w5o.Jl..b.....
....)J###.....b.....
####.. #...#..K.....
##. #..##........ #
...###........ #...
#........ #...
#........ .... ....


You could see a culicivora shaped shifter, a worm, an iguana, a jelly, an orc
priest (ally target), an endoplasm (distracted), a kobold and a friendly shadow
imp (summoned).

Vanquished Creatures
  A phantom (D:3)
  3 adders
  An ufetubus (D:3)
  3 worms
  2 dart slugs (D:3)
  5 orcs (D:3)
  6 bats
  9 endoplasms
  3 giant cockroaches
  7 goblins
  12 hobgoblins
  3 kobolds (D:3)
  7 quokkas
  4 ball pythons
  4 frilled lizards
  7 rats
  A toadstool (D:3)
78 creatures vanquished.

Vanquished Creatures (others)
  A fungus (D:3)
  3 toadstools (D:3)
4 creatures vanquished.

Grand Total: 82 creatures vanquished

Notes
Turn   | Place    | Note
-------+----------+-------------------------------------------
     0 | D:1      | siradein the Demonspawn Chaos Knight began the quest for
                  | the Orb.
     0 | D:1      | Reached XP level 1. HP: 18/18 MP: 1/1
     6 | D:1      | XOM: potion effect (might)
    95 | D:1      | Gained mutation: You are partially covered in sharp spines.
                  | [demonic ancestry]
    95 | D:1      | Reached XP level 2. HP: 22/24 MP: 2/2
   143 | D:1      | XOM: divination: magic mapping
   263 | D:1      | XOM: divination: detect items
   377 | D:1      | XOM: silly message
   445 | D:1      | Found a faded altar of an unknown god.
   569 | D:1      | XOM: silly message
   729 | D:1      | Reached XP level 3. HP: 29/29 MP: 3/3
   928 | D:2      | XOM: silly message
   963 | D:2      | XOM: butterfly on damage
  1256 | D:2      | XOM: 1-stop teleportation journey
  1258 | D:2      | XOM: give mutations
  1258 | D:2      | Gained mutation: You have hidden genetic potential. [Xom's
                  | grace]
  1258 | D:2      | Gained mutation: Your mind is acute. (Int +2) [Xom's grace]
  1337 | D:2      | Found a bloodstained altar of Trog.
  1686 | D:2      | XOM: 5-stop teleportation journey
  1770 | D:2      | XOM: 5-stop teleportation journey
  1930 | D:2      | XOM: give mutation
  1930 | D:2      | Lost mutation: You have hidden genetic potential. [Xom's
                  | grace]
  1930 | D:2      | Gained mutation: You are somewhat resistant to further
                  | mutation. [Xom's grace]
  2027 | D:2      | Gained mutation: You sometimes gain a little power by
                  | taking damage. [demonic ancestry]
  2027 | D:2      | Reached XP level 4. HP: 37/37 MP: 4/4
  2312 | D:3      | Found Timil's General Store.
  2325 | D:3      | Bought a scroll of teleportation for 39 gold pieces
  2466 | D:3      | Identified the +7 mace of the Final Chapter {venom, Int+7}
  2892 | D:3      | XOM: scenery: 2 doors open, 1 doors close
  2896 | D:3      | Noticed a phantom
  2899 | D:3      | XOM: snakes to sticks
  2906 | D:3      | Killed a phantom
  2907 | D:3      | Gained mutation: You are partially covered in icy blue
                  | scales. (AC +2) [demonic ancestry]
  2907 | D:3      | Reached XP level 5. HP: 35/43 MP: 5/5
  3127 | D:4      | Found a staircase to the Ecumenical Temple.
  3132 | D:4      | Noticed a shapeshifter
  3132 | D:4      | an orc changed into a shapeshifter
  3132 | D:4      | XOM: polymorph orc -> shapeshifter
  3132 | D:4      | Noticed a culicivora
  3132 | D:4      | a shapeshifter changed into a culicivora
  3134 | D:4      | XOM: summons friendly shadow imp
  3141 | D:4      | XOM: butterfly on damage
  3142 | D:4      | Mangled by a culicivora (shapeshifter)

Illustrated notes

Levels and vault maps discovered:
D:1:      roderic_chinese_lattice_arrival, layout_basic,
          hellmonk_ecumenical_altar_blasted, chequers_serial_rivers_micro_e,
          nicolae_concentric_dashed_squares_mild, chequers_decorated_corner
D:2:      layout_basic, basic_altar, minmay_hexomino_f4
D:3:      minmay_chambers_of_threes, layout_rooms, serial_shops,
          nicolae_shop_trees, minmay_gold_behind_fungi,
          kennysheep_generic_room_4
D:4:      layout_rooms, kennysheep_mini_moat, minmay_temple_entry_tees,
          minmay_misc_feat_alley

Skill      XL: |  1  2  3  4 |
---------------+-------------+-----
Maces & Flails | 3 4 |  4.4
Fighting       | 4 |  4.9
Armour         | |  1.7
Dodging        | |  0.8

Action                   |  1- 3 |  4- 6 || total
-------------------------+-------+-------++-------
Melee: Mace              |    98 |    57 ||   155
  Use: Scroll            |     3 |     6 ||     9
       Potion            |       |     1 ||     1
 Stab: Petrifying        |     1 |       ||     1
       Sleeping          |       |     1 ||     1
Armor: Leather armour    |    32 |     7 ||    39
       Plate armour      |       |    24 ||    24
Dodge: Dodged            |    48 |    26 ||    74

Table legend: (Time is in decaauts)
 A = Elapsed time spent in this place.
 B = Non-inter-level travel time spent in this place.
 C = Inter-level travel time spent in this place.
 D = Time resting spent in this place.
 E = Time spent auto-exploring this place.
 F = Levels seen in this place.
 G = Mean time per level.
                   A        B        C        D        E       F      G
               +--------+--------+--------+--------+--------+-----+--------+
         Total |   3174 |   3133 |     41 |      0 |   2558 |   4 |  793.5 |
       Dungeon |   3174 |   3133 |     41 |      0 |   2558 |   4 |  793.5 |
               +--------+--------+--------+--------+--------+-----+--------+

Top non-repeatable levels by time:
     D:2: 1371 daAuts
     D:1: 927 daAuts
     D:3: 845 daAuts
     D:4: 29 daAuts
